 Dungeon Crawl Stone Soup version 0.21-a0-421-gfc1ce30 (webtiles) character file.

11571 Gremour the Blocker (level 11, -7/89 HPs)
             Began as a Gnoll Fighter on Nov 4, 2017.
             Was a High Priest of Okawaru.
             Mangled by a death knight
             ... wielding a +2 glaive
              (16 damage)
             ... on level 11 of the Dungeon.
             The game lasted 01:06:15 (10360 turns).

Gremour the Blocker (Gnoll Fighter)                Turns: 10360, Time: 01:06:16

Health: -7/89      AC: 15    Str: 17 (18) XL:     11   Next: 79%
Magic:  16/20      EV: 15    Int: 11 (12) God:    Okawaru [*****.]
Gold:   525        SH: 12    Dex: 24      Spells: 12/23 levels left

rFire    . . .     SeeInvis .   a - +0 war axe (flame)
rCold    . . .     Gourm    .   L - +0 shield
rNeg     . . .     Faith    .   I - +0 swamp dragon scales
rPois    +         Spirit   .   H - +2 hat
rElec    +         Reflect  .   F - +0 cloak
rCorr    .         Harm     .   (no gloves)
MR       +....                  s - +1 pair of boots
Stlth    ++........             M - amulet of rage
HPRegen  0.24/turn              S - ring "Beonnilaa" {*Slow rElec rPois Dex+7 Stlth-}
MPRegen  0.17/turn              y - ring of protection from magic

@: berserk cooldown, slowed, very slow
A: distributed training, antennae 1, fangs 1, deterioration 1, screaming 1,
strong nose
a: Heroism, Finesse, Renounce Religion, Evoke Berserk Rage


You were on level 11 of the Dungeon.
You worshipped Okawaru.
Okawaru was extremely pleased with you.
You were very hungry.

You visited 1 branch of the dungeon, and saw 11 of its levels.

You collected 525 gold pieces.

Inventory:

Hand Weapons
 a - a +0 war axe of flaming (weapon)
 Q - the +4 fustibalus of Invincibility {velocity, rF+ rC+ Int-4}
   (Okawaru gifted it to you on level 9 of the Dungeon)

   Any stone fired from it inflicts extra damage.
   It affects your intelligence (-4).
   It protects you from fire.
   It protects you from cold.
Missiles
 e - 9 tomahawks (quivered)
 U - 8 sling bullets
Armour
 c - a +0 helmet
 s - a +1 pair of boots (worn)
 F - a +0 cloak (worn)
 H - a +2 hat (worn)
 I - +0 swamp dragon scales (worn)
 L - a +0 shield (worn)
Magical Staves
 w - an uncursed staff of summoning
 R - an uncursed staff of death
Jewellery
 j - an uncursed amulet of guardian spirit
 n - an uncursed amulet of magic regeneration
 r - an uncursed amulet of harm
 t - an uncursed ring of see invisible
 y - a ring of protection from magic (right hand)
 M - an amulet of rage (around neck)
 S - the ring "Beonnilaa" (left hand) {*Slow rElec rPois Dex+7 Stlth-}
   (You took it off an orc on level 11 of the Dungeon)

   [ring of loudness]

   It affects your dexterity (+7).
   It insulates you from electricity.
   It protects you from poison.
   It may slow you when you take damage.
   It makes you less stealthy.
Wands
 b - a wand of polymorph (12/24)
 h - a wand of acid (9/15)
 u - a wand of lightning (3/15)
 x - a wand of confusion (24/48)
 B - a wand of lightning (15/15)
 N - a wand of flame (15/48)
 P - a wand of acid (2/15)
 V - a wand of acid (3/15)
Scrolls
 g - 7 scrolls of enchant armour
 i - 2 scrolls of identify
 k - 4 scrolls of recharging
 q - 3 scrolls of fear
 z - 6 scrolls of remove curse
 D - 2 scrolls of immolation
 K - a scroll of teleportation
 O - a scroll of blinking
Potions
 d - a potion of might
 l - a potion of haste
 o - 2 potions of brilliance
 p - 3 potions of curing
 E - 3 potions of flight
 W - a potion of cancellation
Books
 m - a book of Flames

   Spells                             Type                      Level
   a - Flame Tongue                   Conjuration/Fire             1
   b - Throw Flame                    Conjuration/Fire             2
   c - Conjure Flame                  Conjuration/Fire             3
   d - Inner Flame                    Hexes/Fire                   3
   e - Sticky Flame                   Conjuration/Fire             4
   f - Fireball                       Conjuration/Fire             5
 G - a book of Frost

   Spells                             Type                      Level
   a - Freeze                         Ice                          1
   b - Throw Frost                    Conjuration/Ice              2
   c - Ozocubu's Armour               Charms/Ice                   3
   d - Throw Icicle                   Conjuration/Ice              4
   e - Summon Ice Beast               Ice/Summoning                4
Miscellaneous
 T - a lamp of fire
Comestibles
 f - 9 bread rations
 v - 3 fruits
 A - 4 meat rations
 C - 4 chunks of flesh
 J - 3 royal jellies


   Skills:
 + Level 9.3 Fighting
 + Level 6.5 Short Blades
 + Level 8.0 Long Blades
 + Level 6.5 Axes
 + Level 6.5 Maces & Flails
 + Level 6.5 Polearms
 + Level 6.5 Staves
 + Level 6.5 Slings
 + Level 6.5 Bows
 + Level 6.5 Crossbows
 + Level 6.5 Throwing
 + Level 9.3 Armour
 + Level 6.5 Dodging
 + Level 6.5 Stealth
 + Level 9.3 Shields
 + Level 6.5 Unarmed Combat
 + Level 6.5 Spellcasting
 + Level 5.4 Conjurations
 + Level 5.4 Hexes
 + Level 5.4 Charms
 + Level 5.4 Summonings
 + Level 5.4 Necromancy
 + Level 5.4 Translocations
 + Level 5.4 Transmutations
 + Level 5.4 Fire Magic
 + Level 5.4 Ice Magic
 + Level 5.4 Air Magic
 + Level 5.4 Earth Magic
 + Level 5.4 Poison Magic
 + Level 7.1 Invocations
 + Level 6.5 Evocations


You had 12 spell levels left.
You knew the following spells:

 Your Spells              Type           Power        Failure   Level  Hunger
e - Freeze                Ice            ###.         7%          1    None
f - Fireball              Conj/Fire      ###.......   88%         5    ######.
i - Summon Ice Beast      Ice/Summ       ###.....     56%         4    ####...
z - Flame Tongue          Conj/Fire      ###..        7%          1    None


Dungeon Overview and Level Annotations

Branches:
Dungeon (11/15)            Temple (0/1) D:4            Lair (0/6) D:10
    Orc: D:9-12

Altars:
Ashenzari
Cheibriados
Dithmenos
Fedhas
Gozag
Hepliaklqana
Nemelex Xobeh
Okawaru
Qazlal
Sif Muna
Vehumet
Wu Jian
Yredelemnul
Zin
The Shining One


Innate Abilities, Weirdness & Mutations

Your experience applies equally to all skills.
You have very sharp teeth.
Your uncanny sense of smell can sniff out nearby items.
You have a pair of small antennae on your head.
Your body sometimes deteriorates upon taking damage.
You occasionally shout uncontrollably at your foes.


Message History

The tengu warrior pecks you but does no damage.
The tengu warrior claws you but does no damage.
The death knight hits you from afar with an enchanted glaive!
You hit the tengu warrior but do no damage.
The tengu warrior is heavily wounded.
The tengu warrior hits you with a long sword!
The tengu warrior pecks you. The tengu warrior closely misses you.
You are no longer berserk.
You are exhausted.
You feel as though you will be slow longer.
The death knight's dark mirror aura disappears.
The death knight mumbles some strange prayers to Yredelemnul against you.
Your body is wracked with pain!
* * * LOW HITPOINT WARNING * * *
Your body deteriorates!
You feel weakened.
The tengu warrior hits you with a long sword!
* * * LOW HITPOINT WARNING * * *
The tengu warrior misses you. You block the tengu warrior's attack.
The death knight hits you from afar with an enchanted glaive!
You die...

...###......###....####.......
#...... #........## ##...##
..... ..........# .... #..#
∆.#......## ###
###..#######.....##
..#..#..#..#.....#
........#.....##p#
#......###....##'##
...###.....p.##Q@.##
....#.......##.....##
.#..#..#...##.>.....##
.#######...#.........# . ∆
#...'.........'. .
#......#.........#.#
##....###.......##.# .....##
##.....## .###### ##...##


You could see a death knight and a tengu warrior.

Vanquished Creatures
  A hydra (D:11)
  A two-headed ogre (D:8)
  An ugly thing (D:11)
  A manticore (D:11)
  2 gargoyles
  3 trolls
  A queen bee (D:10)
  Grinder (D:6)
  A hippogriff (D:11)
  14 yaks
  A basilisk (D:10)
  A hungry ghost (D:10)
  2 water moccasins (D:11)
  A porcupine (D:10)
  3 ice beasts
  2 sky beasts
  5 orc warriors
  5 ogres
  2 phantoms
  A centaur (D:7)
  4 wolves (D:10)
  2 necrophages (D:9)
  2 crocodiles (D:10)
  2 big kobolds
  8 bullfrogs
  4 scorpions
  3 wights (D:10)
  3 howler monkeys (D:9)
  2 bullfrog zombies
  4 crimson imps
  2 jellies
  5 orc priests
  5 hounds
  17 orc wizards
  Terence (D:2)
  2 centaur skeletons
  4 iguanas
  8 worker ants
  2 hound zombies
  A hound skeleton (D:8)
  2 worker ant zombies
  3 gnolls (D:8)
  A howler monkey skeleton (D:6)
  13 adders
  2 shadow imps
  2 oozes
  An adder skeleton (D:7)
  5 worms
  2 dart slugs
  5 leopard geckos
  43 orcs
  2 ball pythons
  5 giant cockroaches
  6 goblins
  6 hobgoblins
  12 jackals
  17 kobolds
  4 quokkas
  7 bats
  4 frilled lizards
  A jackal skeleton (D:4)
  A leopard gecko skeleton (D:7)
  2 quokka skeletons
  6 rats
282 creatures vanquished.

Vanquished Creatures (others)
  2 plants (D:10)
2 creatures vanquished.

Grand Total: 284 creatures vanquished

Notes
Turn   | Place    | Note
-------+----------+-------------------------------------------
     0 | D:1      | Gremour the Gnoll Fighter began the quest for the Orb.
     0 | D:1      | Reached XP level 1. HP: 23/23 MP: 1/1
   117 | D:1      | Reached XP level 2. HP: 25/29 MP: 2/2
   469 | D:1      | Reached XP level 3. HP: 35/35 MP: 3/3
   966 | D:2      | Found a hazy altar of Hepliaklqana.
   966 | D:2      | Found a glowing golden altar of the Shining One.
   981 | D:2      | Found a blossoming altar of Fedhas.
   983 | D:2      | Found an iron altar of Okawaru.
   985 | D:2      | Found a snail-covered altar of Cheibriados.
   998 | D:2      | Became a worshipper of Warmaster Okawaru
  1159 | D:2      | Reached skill level 1 in Invocations
  1177 | D:2      | Reached skill level 1 in Short Blades
  1177 | D:2      | Reached skill level 1 in Axes
  1177 | D:2      | Reached skill level 1 in Maces & Flails
  1177 | D:2      | Reached skill level 1 in Polearms
  1177 | D:2      | Reached skill level 1 in Staves
  1177 | D:2      | Reached skill level 1 in Slings
  1177 | D:2      | Reached skill level 1 in Bows
  1177 | D:2      | Reached skill level 1 in Crossbows
  1177 | D:2      | Reached skill level 1 in Throwing
  1177 | D:2      | Reached skill level 1 in Dodging
  1177 | D:2      | Reached skill level 1 in Stealth
  1177 | D:2      | Reached skill level 1 in Unarmed Combat
  1177 | D:2      | Reached skill level 1 in Spellcasting
  1177 | D:2      | Reached skill level 1 in Evocations
  1177 | D:2      | Reached XP level 4. HP: 29/41 MP: 5/5
  1215 | D:2      | Noticed Terence
  1243 | D:2      | Killed Terence
  1465 | D:3      | Reached skill level 1 in Conjurations
  1465 | D:3      | Reached skill level 1 in Hexes
  1465 | D:3      | Reached skill level 1 in Charms
  1465 | D:3      | Reached skill level 1 in Summonings
  1465 | D:3      | Reached skill level 1 in Necromancy
  1465 | D:3      | Reached skill level 1 in Translocations
  1465 | D:3      | Reached skill level 1 in Transmutations
  1465 | D:3      | Reached skill level 1 in Fire Magic
  1465 | D:3      | Reached skill level 1 in Ice Magic
  1465 | D:3      | Reached skill level 1 in Air Magic
  1465 | D:3      | Reached skill level 1 in Earth Magic
  1465 | D:3      | Reached skill level 1 in Poison Magic
  1697 | D:3      | Reached XP level 5. HP: 32/47 MP: 5/7
  2184 | D:4      | Found a basalt altar of Yredelemnul.
  2225 | D:4      | Found a staircase to the Ecumenical Temple.
  2231 | D:4      | Reached * piety under Okawaru
  2266 | D:4      | Found an opulent altar of Gozag.
  2308 | D:4      | Reached XP level 6. HP: 53/53 MP: 8/8
  2512 | D:4      | Found a shattered altar of Ashenzari.
  2612 | D:4      | Reached skill level 5 in Long Blades
  2976 | D:5      | Entered Level 5 of the Dungeon
  2986 | D:5      | Reached XP level 7. HP: 52/59 MP: 8/10
  3321 | D:5      | Learned a level 1 spell: Flame Tongue
  3337 | D:5      | Reached ** piety under Okawaru
  3416 | D:5      | Found a sparkling altar of Nemelex Xobeh.
  3444 | D:5      | Gained mutation: Your body sometimes deteriorates upon taking damage. [mutagenic meat]
  3445 | D:5      | Gained mutation: You occasionally shout uncontrollably at your foes. [mutagenic meat]
  3446 | D:5      | Gained mutation: You have a pair of small antennae on your head. [mutagenic meat]
  3687 | D:6      | Reached XP level 8. HP: 63/67 MP: 10/12
  3893 | D:6      | Reached *** piety under Okawaru
  3992 | D:6      | Learned a level 1 spell: Freeze
  3997 | D:6      | Noticed Grinder
  4014 | D:6      | Reached XP level 9. HP: 62/72 MP: 11/14
  4039 | D:6      | Killed Grinder
  4179 | D:6      | Found a shadowy altar of Dithmenos.
  4645 | D:7      | Reached **** piety under Okawaru
  5150 | D:7      | Found a stormy altar of Qazlal.
  5383 | D:8      | Learned a level 4 spell: Summon Ice Beast
  5389 | D:8      | Learned a level 5 spell: Fireball
  5399 | D:8      | Reached skill level 5 in Invocations
  5858 | D:8      | Found a glowing silver altar of Zin.
  5858 | D:8      | Found a radiant altar of Vehumet.
  5938 | D:8      | Reached XP level 10. HP: 49/80 MP: 9/17
  5946 | D:8      | Found a deep blue altar of Sif Muna.
  6203 | D:8      | Received a gift from Okawaru
  6262 | D:8      | Noticed a two-headed ogre
  6379 | D:8      | Killed a two-headed ogre
  6379 | D:8      | Reached skill level 5 in Short Blades
  6379 | D:8      | Reached skill level 5 in Axes
  6379 | D:8      | Reached skill level 5 in Maces & Flails
  6379 | D:8      | Reached skill level 5 in Polearms
  6379 | D:8      | Reached skill level 5 in Staves
  6379 | D:8      | Reached skill level 5 in Slings
  6379 | D:8      | Reached skill level 5 in Bows
  6379 | D:8      | Reached skill level 5 in Crossbows
  6379 | D:8      | Reached skill level 5 in Throwing
  6379 | D:8      | Reached skill level 5 in Dodging
  6379 | D:8      | Reached skill level 5 in Stealth
  6379 | D:8      | Reached skill level 5 in Unarmed Combat
  6379 | D:8      | Reached skill level 5 in Spellcasting
  6379 | D:8      | Reached skill level 5 in Evocations
  6511 | D:8      | Reached ***** piety under Okawaru
  6719 | D:9      | Found an ornate altar of the Wu Jian Council.
  7551 | D:9      | Received a gift from Okawaru
  7554 | D:9      | Got a bloodstained fustibalus {god gift}
  7555 | D:9      | Identified the +4 fustibalus of Invincibility {velocity, rF+ rC+ Int-4} (Okawaru gifted it to you on level 9 of the Dungeon)
  7930 | D:10     | Entered Level 10 of the Dungeon
  8110 | D:10     | Reached XP level 11. HP: 58/87 MP: 19/19
  8403 | D:10     | Found a staircase to the Lair.
  9178 | D:11     | Reached skill level 5 in Conjurations
  9178 | D:11     | Reached skill level 5 in Hexes
  9178 | D:11     | Reached skill level 5 in Charms
  9178 | D:11     | Reached skill level 5 in Summonings
  9178 | D:11     | Reached skill level 5 in Necromancy
  9178 | D:11     | Reached skill level 5 in Translocations
  9178 | D:11     | Reached skill level 5 in Transmutations
  9178 | D:11     | Reached skill level 5 in Fire Magic
  9178 | D:11     | Reached skill level 5 in Ice Magic
  9178 | D:11     | Reached skill level 5 in Air Magic
  9178 | D:11     | Reached skill level 5 in Earth Magic
  9178 | D:11     | Reached skill level 5 in Poison Magic
  9441 | D:11     | Noticed a manticore
  9467 | D:11     | Killed a manticore
  9673 | D:11     | Noticed an eight-headed hydra
  9702 | D:11     | Killed a four-headed hydra
  9716 | D:11     | Got a scorched bronze ring
 10019 | D:11     | Identified the ring "Beonnilaa" {*Slow rElec rPois Dex+7 Stlth-} (You took it off an orc on level 11 of the Dungeon)
 10285 | D:11     | Noticed a death knight
 10291 | D:11     | Noticed a red ugly thing
 10305 | D:11     | Killed a red ugly thing
 10321 | D:11     | Noticed a tengu warrior
 10360 | D:11     | Mangled by a death knight

Vault maps used:
D:1:      tarquinn_simple_flora_water_c
D:2:      chequers_temple_overflow_minitemple, grunt_ministairs_14, uniq_terence
D:3:      grunt_ministairs_15
D:4:      minmay_opposing_rooms, ashenzari_altar_1, grunt_gozag_statues,
          yredelemnul_altar_generic, minmay_temple_entry_crystal_x,
          kennysheep_minor_cross
D:5:      kennysheep_mini_moat, first_bread
D:6:      kennysheep_little_box, uniq_grinder
D:7:      grunt_ogre_cave, nicolae_qazlal_style_of_elements
D:8:      kennysheep_orc_sif_temple, gammafunk_temple_overflow_elements,
          st_stairs_14
D:9:      nicolae_overflow_hidden_temple
D:10:     minmay_lair_entry_grove
D:11:     hangedman_cross_cluster, minmay_liquid_box

Skill      XL: |  1  2  3  4  5  6  7  8  9 10 11 |
---------------+----------------------------------+-----
Invocations    | 1 2 3 4 5 6 7 |  7.1
Short Blades   | 1 2 3 4 5 6 |  6.5
Axes           | 1 2 3 4 5 6 |  6.5
Maces & Flails | 1 2 3 4 5 6 |  6.5
Polearms       | 1 2 3 4 5 6 |  6.5
Staves         | 1 2 3 4 5 6 |  6.5
Slings         | 1 2 3 4 5 6 |  6.5
Bows           | 1 2 3 4 5 6 |  6.5
Crossbows      | 1 2 3 4 5 6 |  6.5
Throwing       | 1 2 3 4 5 6 |  6.5
Dodging        | 1 2 3 4 5 6 |  6.5
Stealth        | 1 2 3 4 5 6 |  6.5
Unarmed Combat | 1 2 3 4 5 6 |  6.5
Spellcasting   | 1 2 3 4 5 6 |  6.5
Evocations     | 1 2 3 4 5 6 |  6.5
Conjurations   | 1 2 3 4 5 |  5.4
Hexes          | 1 2 3 4 5 |  5.4
Charms         | 1 2 3 4 5 |  5.4
Summonings     | 1 2 3 4 5 |  5.4
Necromancy     | 1 2 3 4 5 |  5.4
Translocations | 1 2 3 4 5 |  5.4
Transmutations | 1 2 3 4 5 |  5.4
Fire Magic     | 1 2 3 4 5 |  5.4
Ice Magic      | 1 2 3 4 5 |  5.4
Air Magic      | 1 2 3 4 5 |  5.4
Earth Magic    | 1 2 3 4 5 |  5.4
Poison Magic   | 1 2 3 4 5 |  5.4
Long Blades    | 5 6 7 8 |  8.0
Fighting       | 7 8 9 |  9.3
Armour         | 7 8 9 |  9.3
Shields        | 7 8 9 |  9.3

Action                   |  1- 3 |  4- 6 |  7- 9 | 10-12 || total
-------------------------+-------+-------+-------+-------++-------
Melee: Long sword        |    84 |    26 |       |       ||   110
       Bite              |    12 |    15 |    51 |    70 ||   148
       Flail             |       |    55 |       |       ||    55
       Battleaxe         |       |    65 |    73 |       ||   138
       War axe           |       |       |   239 |   495 ||   734
Throw: Tomahawk          |       |       |     1 |       ||     1
 Cast: Flame Tongue      |       |       |     5 |     6 ||    11
       Freeze            |       |       |     2 |       ||     2
Invok: Heroism           |       |       |     2 |     7 ||     9
       Finesse           |       |       |       |     2 ||     2
 Abil: Evoke Berserk Rag |       |       |       |     7 ||     7
Evoke: Wand              |       |       |       |     5 ||     5
  Use: Scroll            |       |    12 |     4 |     7 ||    23
       Potion            |       |       |     7 |     2 ||     9
 Stab: Sleeping          |       |       |     6 |     2 ||     8
       Confused          |       |       |       |     2 ||     2
       Distracted        |       |       |       |     1 ||     1
  Eat: Chunk             |     1 |     6 |    12 |    14 ||    33
       Fruit             |       |       |     1 |     3 ||     4
       Meat ration       |       |       |       |     1 ||     1
Armor: Scale mail        |    41 |    71 |    25 |       ||   137
       Swamp dragon scal |       |       |    85 |   144 ||   229
Dodge: Dodged            |    38 |    60 |   153 |   233 ||   484
Block: Shield            |    59 |    46 |   135 |   335 ||   575
       Rpst.: Long sword |    13 |     2 |       |       ||    15

Table legend:
 A = Spawn XP
 B = Non-spawn XP
 C = Spawn XP percentage of total XP
 D = Spawn monster count
 E = Non-spawn monster count
 F = Spawn count percentage of total count
 G = Total turns spent on level
                    A         B        C        D         E        F      G
               +---------+---------+-------+---------+---------+-------+---------
         Total |       0 |   16531 |   0.0 |       0 |     282 |   0.0 | 10360
               +---------+---------+-------+---------+---------+-------+---------
           D:1 |       0 |      38 |   0.0 |       0 |      24 |   0.0 |   710
           D:2 |       0 |      87 |   0.0 |       0 |      14 |   0.0 |   728
           D:3 |       0 |     108 |   0.0 |       0 |      20 |   0.0 |   718
           D:4 |       0 |     363 |   0.0 |       0 |      32 |   0.0 |   820
           D:5 |       0 |     594 |   0.0 |       0 |      11 |   0.0 |   699
           D:6 |       0 |    1693 |   0.0 |       0 |      24 |   0.0 |   935
           D:7 |       0 |    1080 |   0.0 |       0 |      19 |   0.0 |   787
           D:8 |       0 |    2065 |   0.0 |       0 |      40 |   0.0 |  1315
           D:9 |       0 |    2467 |   0.0 |       0 |      26 |   0.0 |  1218
          D:10 |       0 |    2470 |   0.0 |       0 |      32 |   0.0 |  1155
          D:11 |       0 |    5566 |   0.0 |       0 |      40 |   0.0 |  1275
               +---------+---------+-------+---------+---------+-------+---------
